[Event "Rapid Tournament"]
[Site "Biel, Switzerland"]
[Date "2021.07.25"]
[Round "6.4"]
[White "Gelfand, Boris"]
[Black "Alekseenko, Kirill"]
[Result "0-1"]
[TimeControl "15min + 5 sec per move"]
[WhiteTitle "GM"]
[BlackTitle "GM"]
[WhiteFideId "2805677"]
[BlackFideId "4135539"]
[WhiteElo "2702"]
[BlackElo "2661"]

1. d4 d5 2. Nf3 Nf6 3. c4 dxc4 4. e3 Bg4 5. Bxc4 e6 6. h3 Bh5 7. Nc3 Nc6 8. Bb5 Bb4 9. Qa4 O-O 10. Bxc6 Bxc3+ 11. bxc3 bxc6 12. Ne5 Nd7 13. Nxc6 Qg5 14.
g4 Bg6 15. h4 Qf6 16. f4 Rfe8 17. Ba3 Be4 18. Rh2 Qg6 19. g5 Qh5 20. Na5 Qg4 21. Kd2 Nb6 22. Qd1 Qf5 23. Bc5 Rad8 24. Bxb6 axb6 25. Nc4 c5 26.
Ne5 cxd4 27. cxd4 Rxd4+ 28. exd4 Qxf4+ 0-1

[ePGN "0.1;DGT LiveChess/2.2.5"]

[Event "Rapid Tournament"]
[Site "Biel, Switzerland"]
[Date "2021.07.25"]
[Round "7.1"]
[White "Studer, Noël"]
[Black "Gelfand, Boris"]
[Result "0-1"]
[TimeControl "15min + 5 sec per move"]
[WhiteTitle "GM"]
[BlackTitle "GM"]
[WhiteFideId "1319620"]
[BlackFideId "2805677"]
[WhiteElo "2431"]
[BlackElo "2702"]

1. d4 Nf6 2. c4 e6 3. Nc3 Bb4 4. e3 O-O 5. Nf3 c5 6. Bd2 cxd4 7. Nxd4 Nc6 8. a3 Be7 9. Nf3 d5 10. cxd5 exd5 11. Be2 Bd6 12. Qc2 Re8 13.
Nb5 Bb8 14. Nbd4 Qd6 15. Nxc6 bxc6 16. Bb4 Qc7 17. Rc1 Bd7 18. Nd4 a5 19. Bd2 Rc8 20. Nf5 Qe5 21. g4 Ne4 22. Ng3 Nxd2 23.
Qxd2 Ba7 24. O-O a4 25. Kg2 c5 26. f4 Qe6 27. Bf3 Bc6 28. Nf5 Rab8 29. Rc2 h5 30. h3 g6 31. Nh6+ Kg7 32. g5 c4 33. Re1 Rb3 34. Qa5 Bb6 35. Qa6 Ra8 0-1

[Event "Rapid Tournament"]
[Site "Biel, Switzerland"]
[Date "2021.07.25"]
[Round "7.2"]
[White "Alekseenko, Kirill"]
[Black "Pichot, Alan"]
[Result "1-0"]
[TimeControl "15min + 5 sec per move"]
[WhiteTitle "GM"]
[BlackTitle "GM"]
[WhiteFideId "4135539"]
[BlackFideId "110973"]
[WhiteElo "2661"]
[BlackElo "2533"]

1. d4 Nf6 2. Nc3 d5 3. Bf4 e6 4. Nb5 Na6 5. e3 c6 6.
Nc3 Be7 7. h3 O-O 8. Nf3 b5 9. Bd3 b4 10. Na4 Qa5 11. b3 c5 12. Nxc5 Nxc5 13. dxc5 Qxc5 14. O-O a5 15. Be5 Ne4 16.
Nd2 Nf6 17. Qe2 Bb7 18. Rfc1 Rfc8 19. c3 bxc3 20. Rxc3 Qa3 21. Nf3 Ne4 22. Bxe4 dxe4 23. Nd2 f6 24. Bd4 Rxc3 25. Bxc3 Rc8 26. Nc4 Ba6 27. Qg4 Bxc4 28. bxc4 Rc6 29. Bd4 Qa4 30. c5 e5 31. Qd7 Kf8 32. Rb1 Qxa2 33. Rb8+ Kf7 34. Qe8+ 1-0

[Event "Rapid Tournament"]
[Site "Biel, Switzerland"]
[Date "2021.07.25"]
[Round "7.3"]
[White "Lagarde, Maxime"]
[Black "Nihal, Sarin"]
[Result "0-1"]
[TimeControl "15min + 5 sec per move"]
[WhiteTitle "GM"]
[BlackTitle "GM"]
[WhiteFideId "662399"]
[BlackFideId "25092340"]
[WhiteElo "2684"]
[BlackElo "2418"]

1. e4 e5 2. Bc4 Nf6 3. d3 Nc6 4.
Nc3 Bb4 5. Nge2 d5 6. exd5 Nxd5 7. O-O Be6 8. f4 Nxc3 9. bxc3 Bc5+ 10. Kh1 Bxc4 11. dxc4 Qxd1 12. Rxd1 f6 13. Ng3 Rd8 14. Rf1 O-O 15. Ne4 Be7 16.
f5 Na5 17. c5 Rd5 18. Rb1 b6 19. cxb6 axb6 20. g4 Nc4 21. Rg1 Nd6 22.
Nxd6 Bxd6 23. Be3 Ra5 24. Ra1 Ra3 25. Bd2 h6 26. h4 Ra4 27. Rg2 Rfa8 28. Rag1 Kf7 29. Be1 Rxa2 30. Re2 R2a4 31. Kh2 Rf4 32. Kh3 Raa4 33.
Bd2 Rf3+ 34. Rg3 h5 35. gxh5 Rxf5 36. Reg2 Bf8 37. Rd3 Rxh5 38. Rg4 Rxg4 39. Kxg4 Kg6 40. Rd7 f5+ 41. Kg3 Bd6 42. Bg5 e4+ 43. Kh3 Rh8 44.
Be3 Re8 45. h5+ Kxh5 46. Rxg7 f4 47.
Bd4 e3 48. Rg1 f3 49. Rb1 Re4 50. Bf6 e2 0-1

[Event "Rapid Tournament"]
[Site "Biel, Switzerland"]
[Date "2021.07.25"]
[Round "7.4"]
[White "Kamsky, Gata"]
[Black "Keymer, Vincent"]
[Result "0-1"]
[TimeControl "15min + 5 sec per move"]
[WhiteTitle "GM"]
[BlackTitle "GM"]
[WhiteFideId "2000024"]
[BlackFideId "12940690"]
[WhiteElo "2701"]
[BlackElo "2543"]

1. d4 Nf6 2. Nf3 e6 3. Bf4 c5 4. e3 Nc6 5. c3 h6 6. Ne5 g5 7. Bg3 Ne4 8. Qf3 Nd6 9. Bd3 cxd4 10.
exd4 Nf5 11. Nd2 Bg7 12. O-O d5 13. Bxf5 exf5 14. Nxc6 bxc6 15. Rfe1+ Kf8 16. h3 f4 17. Bh2 Bf5 18. Qe2 f6 19. Nb3 Kf7 20.
Nc5 Re8 21. Qh5+ Bg6 22. Qg4 Qd6 23. Qd7+ Qxd7 24. Nxd7 a5 25. a4 Bf5 26. Nc5 Bf8 27. f3 Rxe1+ 28. Rxe1 Bxc5 29. dxc5 Bc2 30.
Ra1 Rb8 31. b4 d4 32. b5 d3 33. Kf2 d2 34. Ke2 d1=Q+ 35. Rxd1 Bxd1+ 36. Kxd1 cxb5 0-1